 Dungeon Crawl Stone Soup version 0.30-a0-779-g7971cf19c3 (webtiles) character file.

Game seed: 15131785979585816574

21 DEFE the Grave Robber (level 2, 0/22 HPs)
             Began as a Demonspawn Wanderer on Feb 17, 2023.
             Slain by a hobgoblin (2 damage)
             ... on level 2 of the Dungeon.
             The game lasted 00:00:53 (1125 turns).

DEFE the Grave Robber (Demonspawn Wanderer)         Turns: 1125, Time: 00:00:54

Health: 0/22       AC:  3    Str: 10    XL:     2   Next: 65%
Magic:  5/5        EV: 10    Int: 14    God:
Gold:   36         SH:  0    Dex: 13    Spells: 4/5 levels left

rFire   . . .      SeeInvis .    a - +0 falchion
rCold   . . .      Faith    .    (no shield)
rNeg    . . .      Spirit   .    i - +0 leather armour
rPois   .          Reflect  .    (no helmet)
rElec   .          Harm     .    (no cloak)
rCorr   .          Rampage  .    (no gloves)
Will    .....                    (no boots)
Stlth   +                        (no amulet)
HPRegen 0.23/turn                (no ring)
MPRegen 0.09/turn                (no ring)

@: no status effects
A: powered by pain 1
a: no special abilities


You were on level 2 of the Dungeon.
You visited 1 branch of the dungeon, and saw 2 of its levels.

You collected 36 gold pieces.

Inventory:

Hand Weapons
 a - a +0 falchion (weapon)
 l - a +0 hand axe
Armour
 d - a +0 robe
 i - a +0 leather armour (worn)
Wands
 b - a wand of flame (3)
Scrolls
 h - a scroll of fear {unknown}
 j - a scroll of identify {unknown}
Potions
 c - a potion of lignification
 e - 4 potions of heal wounds {unknown}
 f - a potion of magic {unknown}
 g - a potion of curing {unknown}
 k - a potion of mutation {unknown}
 m - a potion of haste {unknown}


   Skills:
 - Level 2.0 Fighting
 - Level 2.0 Long Blades
 + Level 1.2 Armour
 - Level 2.0 Spellcasting
 - Level 4.3 Necromancy
 - Level 1.0 Evocations


You had 4 spell levels left.
You knew the following spells:

 Your Spells              Type           Power      Damage    Failure   Level
a - Kiss of Death         Conj/Necr      28%        2d7       13%         1

Your spell library contained the following spells:

 Spells                   Type           Power      Damage    Failure   Level
 Vampiric Draining        Necr           13%        2d6       16%         3
 Lesser Beckoning         Tloc           2%         N/A       43%         2
 Animate Dead             Necr           13%        N/A       45%         4
 Gell's Gravitas          Tloc           1%         N/A       67%         3
 Teleport Other           Tloc           1%         N/A       67%         3


Dungeon Overview and Level Annotations

Branches:
Dungeon (2/15)

Altars:

Shops:
D:1 =


Innate Abilities, Weirdness & Mutations

You sometimes gain a little power by taking damage.


Message History

No target in view!
No target in view!
No target in view!
No target in view!
No target in view!
You pick up a book of Displacement and begin reading...
You add the spells Lesser Beckoning, Gell's Gravitas and Teleport Other to your library.
A kobold comes into view. It is wielding a +0 dagger.
The kobold shouts!
You hear a shout!
A kobold is nearby!
A hobgoblin comes into view. It is carrying a wand of flame (9).
The hobgoblin shouts!
A hobgoblin comes into view.
The kobold hits you with a +0 dagger.
You take 1 damage, and have 21/22 hp.
You miss the kobold. The kobold barely misses you.
Health restored: 22 You barely miss the kobold.
The kobold closely misses you. The kobold hits you but does no damage.
You hit the kobold.
The hobgoblin hits you but does no damage.
The kobold hits you with a +0 dagger.
You take 2 damage, and have 20/22 hp.
You closely miss the kobold. The kobold hits you but does no damage.
The hobgoblin misses you.
You closely miss the kobold.
The hobgoblin shouts!
You hear an angry hiss.
The hobgoblin closely misses you. The kobold barely misses you.
You closely miss the kobold. The hobgoblin hits you. x2
The kobold hits you but does no damage.
You slash the kobold!
You kill the kobold!
The hobgoblin zaps a wand.
The puff of flame hits you!
Ouch! That really hurt!
* * * LOW HITPOINT WARNING * * *
The hobgoblin hits you.
* * * LOW HITPOINT WARNING * * *
The hobgoblin hits you.
You die...

.......####...
#####.......# ##.####...
##.## # #...# #### #.. #
#...# #.. .. . #...#
#.##.##.# . #...#
####.).....#
.####...#####...@# .
...............#gg..#
<............†..###.....
...............#.# .#.#
.####...#####..#... # #
#...# #..# .g.. #...#
#........ #...#
####....g #...# .##


You could see 2 hobgoblins.

Vanquished Creatures
  2 ball pythons (D:1)
  3 bats (D:1)
  2 endoplasms (D:1)
  2 giant cockroaches (D:1)
  3 hobgoblins (D:1)
  A kobold (D:2)
  2 quokkas (D:1)
  3 frilled lizards
  A rat (D:1)
19 creatures vanquished.

Notes
Turn   | Place    | Note
-------+----------+-------------------------------------------
     0 | D:1      | DEFE the Demonspawn Wanderer began the quest for the Orb.
     0 | D:1      | DEFE set off with the following items: a +0 falchion, a
                  | wand of flame (3), a potion of lignification, a +0 robe;
                  | and the following spell memorised: Kiss of Death; and the
                  | following spells available to memorise: Vampiric Draining,
                  | Animate Dead.
     0 | D:1      | Reached XP level 1. HP: 16/16 MP: 3/3
    98 | D:1      | Found Dohump's Jewellery Boutique.
   255 | D:1      | Gained mutation: You sometimes gain a little power by
                  | taking damage. [demonic ancestry]
   255 | D:1      | Reached XP level 2. HP: 14/22 MP: 5/5
   639 | D:1      | Reached skill level 1 in Armour
  1125 | D:2      | Slain by a hobgoblin

Illustrated notes

Levels and vault maps discovered:
D:1:      amcnicky_arrival_abandoned_market, layout_loops_corners, serial_shops,
          nicolae_shop_behind_doors, minmay_misc_feat_plants
D:2:      layout_loops_cross, kennysheep_path_1, uniq_terence

Skill      XL: |  1  2 |
---------------+-------+-----
Long Blades    | 2 |  2.0
Armour         | 1 |  1.2
Fighting       | |  2.0
Spellcasting   | |  2.0
Necromancy     | |  4.3
Evocations     | |  1.0

Action                     || total
---------------------------++-------
  Melee: Falchion          ||    72
   Stab: Sleeping          ||     2
 Armour: Robe              ||    11
         Leather armour    ||    17
  Dodge: Dodged            ||    53

Table legend: (Time is in decaauts)
 A = Elapsed time spent in this place.
 B = Non-inter-level travel time spent in this place.
 C = Inter-level travel time spent in this place.
 D = Time resting spent in this place.
 E = Time spent auto-exploring this place.
 F = Levels seen in this place.
 G = Mean time per level.
                   A        B        C        D        E       F      G
               +--------+--------+--------+--------+--------+-----+--------+
         Total |   1139 |   1108 |     31 |      0 |    919 |   2 |  569.5 |
       Dungeon |   1139 |   1108 |     31 |      0 |    919 |   2 |  569.5 |
               +--------+--------+--------+--------+--------+-----+--------+

Top non-repeatable levels by time:
     D:1: 1015 daAuts
     D:2: 124 daAuts
